 Dungeon Crawl Stone Soup version v1.0-4-gf91daec (webtiles) character file.

235 Chic the Cudgeler (level 5, -4/45 HPs)
             Began as a Minotaur Fighter on Feb 15, 2018.
             Was an Initiate of Okawaru.
             Slain by a gnoll
             ... wielding a +0 halberd
              (5 damage)
             ... on level 4 of the Dungeon.
             The game lasted 00:04:33 (2081 turns).

Chic the Cudgeler (Minotaur Fighter)                Turns: 2081, Time: 00:04:33

Health: -4/45      AC:  6    Str: 21    XL:     5   Next: 76%
Magic:  4/4        EV:  7    Int:  5    God:    Okawaru [......]
Gold:   104        SH:  9    Dex: 10    Spells: 4/4 levels left

rFire    . . .     SeeInvis .   a - +0 flail
rCold    . . .     Gourm    .   c - +0 shield
rNeg     . . .     Faith    .   b - +0 scale mail
rPois    .         Spirit   .   (helmet restricted)
rElec    .         Reflect  .   (no cloak)
rCorr    .         Harm     .   (no gloves)
MR       .....                  (no boots)
Stlth    ..........             (no amulet)
HPRegen  0.15/turn              (no ring)
MPRegen  0.09/turn              (no ring)

@: no status effects
A: retaliatory headbutt, horns 2
a: Renounce Religion


You were on level 4 of the Dungeon.
You worshipped Okawaru.
Okawaru was noncommittal.
You were hungry.

You visited 1 branch of the dungeon, and saw 4 of its levels.

You collected 104 gold pieces.

Inventory:

Hand Weapons
 a - a +0 flail (weapon)
Missiles
 i - 3 tomahawks of dispersal (quivered)
Armour
 b - a +0 scale mail (worn)
 c - a +0 shield (worn)
Jewellery
 r - a +2 ring of evasion {unknown}
Scrolls
 e - 2 scrolls of amnesia {unknown}
 l - 2 scrolls of remove curse {unknown}
 m - 4 scrolls of identify {unknown}
 q - a scroll of enchant armour {unknown}
Potions
 d - 4 potions of might
 g - a potion of cancellation {unknown}
 h - 2 potions of restore abilities
 j - a potion of haste {unknown}
 k - 2 potions of agility {unknown}
 o - a potion of invisibility {unknown}
 p - a potion of magic {unknown}
Comestibles
 f - 3 rations


   Skills:
 - Level 3.6 Fighting
 + Level 7.4 Maces & Flails
 - Level 3.6 Armour
 - Level 3.6 Shields


You had 4 spell levels left.
You didn't know any spells.

Dungeon Overview and Level Annotations

Branches:
Dungeon (4/15)
 Temple: D:4-7

Altars:
Cheibriados
Okawaru
Uskayaw


Innate Abilities, Weirdness & Mutations

You reflexively headbutt those who attack you in melee.
You have a pair of horns on your head.


Message History

You furiously retaliate!
You headbutt the doggy crab. You block the doggy crab's attack.
You barely miss the doggy crab.
The doggy crab is lightly wounded.
You block the doggy crab's attack. x2
You thump the doggy crab!
The doggy crab is severely wounded.
You block the doggy crab's attack. x3
You sock the doggy crab!
You kill the doggy crab!
Crabawaru accepts your kill. The doggy crab hits you with a spear.
The doggy crab hits you with a fighting claw!
* * * CRAB GONE DIE * * *
You barely miss the doggy crab.
The doggy crab is heavily wounded.
The doggy crab hits you with a spear.
* * * CRAB GONE DIE * * *
The doggy crab hits you with a fighting claw.
Your journey is over little crab

#####
#)..#
#g@.#
#..g#
#.†.#
#...#
..8..
#.....#
##...##
##.##
#+#


You could see 2 gnolls.

Vanquished Creatures
  The ghost of Chic the Changer, an amateur SETm (D:3)
  A hound (D:4)
  An orc wizard (D:3)
  An adder (D:2)
  A gnoll (D:4)
  An adder skeleton (D:3)
  3 worms (D:3)
  3 dart slugs
  2 leopard geckos (D:3)
  4 orcs (D:3)
  4 giant cockroaches
  3 goblins
  6 hobgoblins
  7 jackals
  A quokka (D:3)
  A ball python (D:1)
  8 bats
  5 frilled lizards
  6 kobolds
  7 rats
66 creatures vanquished.

Notes
Turn   | Place    | Note
-------+----------+-------------------------------------------
     0 | D:1      | Chic the Minotaur Fighter began the quest for the Orb.
     0 | D:1      | Reached XP level 1. HP: 19/19 MP: 0/0
   102 | D:1      | Reached skill level 3 in Maces & Flails
   151 | D:1      | Reached XP level 2. HP: 26/26 MP: 1/1
   364 | D:1      | Reached skill level 4 in Maces & Flails
   580 | D:2      | Reached XP level 3. HP: 31/31 MP: 2/2
   861 | D:2      | Found an iron altar of Okawaru.
   861 | D:2      | Found a hide-covered altar of Uskayaw.
   876 | D:2      | Became a worshipper of Warmaster Okawaru
   969 | D:3      | Reached skill level 5 in Maces & Flails
  1017 | D:3      | Noticed Chic's ghost (amateur SETm)
  1029 | D:3      | Killed Chic's ghost
  1029 | D:3      | Reached skill level 6 in Maces & Flails
  1029 | D:3      | Reached XP level 4. HP: 18/39 MP: 3/3
  1271 | D:3      | Reached XP level 5. HP: 45/45 MP: 4/4
  1474 | D:3      | Found a snail-covered altar of Cheibriados.
  1699 | D:3      | Reached skill level 7 in Maces & Flails
  2081 | D:4      | HP: 1/45 [gnoll/spear (5)]
  2081 | D:4      | Slain by a gnoll

Skill      XL: |  1  2  3  4  5 |
---------------+----------------+-----
Maces & Flails | 3 4 6 7 |  7.4
Fighting       | |  3.6
Armour         | |  3.6
Shields        | |  3.6

Action                   |  1- 3 |  4- 6 || total
-------------------------+-------+-------++-------
Melee: Flail             |    90 |    84 ||   174
       Headbutt          |    10 |    12 ||    22
  Eat: Chunk             |       |     3 ||     3
Armor: Scale mail        |    34 |    27 ||    61
Dodge: Dodged            |    25 |    34 ||    59
Block: Shield            |    39 |    47 ||    86
